 Dungeon Sprint DCSS version 0.31-a0-208-gdb31a4691d (webtiles) character file.

Game seed: 18374111253899712804

4071 Hubris850 the Ninja (level 10, -3/50 HPs)
             Began as a Vampire Enchanter on June 28, 2023.
             Was a High Priest of Okawaru.
             Splashed by a jelly's acid (11 damage)
             ... in the Dungeon (Sprint I: "Red Sonja").
             The game lasted 00:04:37 (267 turns).

Hubris850 the Ninja (Vampire Enchanter)              Turns: 267, Time: 00:04:38

Health: -3/50      AC: -5    Str:  7    XL:     10   Next: 5%
Magic:  21/21      EV: 12    Int: 21    God:    Okawaru [*****.]
Gold:   746        SH:  0    Dex: 18    Spells: 15/23 levels left

rFire   . . .        a - +1 dagger
rCold   + + .        (no shield)
rNeg    + + +        o - +1 robe of Shielding {Int+2}
rPois   ∞            (no helmet)
rElec   .            (no cloak)
rCorr   .            (no gloves)
SInv    +            (no boots)
Will    +....        (no amulet) Stlth **++++++++
                     (no ring)
HPRegen 0.00/turn    (no ring)
MPRegen 0.17/turn

%: no teleportation
@: corroded, bloodless, inhibited regen
A: bloodless, fangs 3, see invisible, vampiric 2
a: Bat Form, Revivify, Renounce Religion, Heroism, Finesse


You were in the Dungeon.
You worshipped Okawaru.
Okawaru was extremely pleased with you.
You visited 1 branch You collected 746 gold pieces.

Inventory:

Hand Weapons
 a - a +1 dagger (weapon)
 k - a +0 short sword of distortion
Missiles
 l - 4 curare-tipped darts
Armour
 b - a +0 robe
 o - the +1 robe of Shielding (worn) {Int+2}
   (You found it in the Dungeon)

   Int:       It affects your intelligence (+2).
Wands
 j - a wand of quicksilver (11)
Scrolls
 i - a scroll of blinking
 m - a scroll of brand weapon {unknown}
 n - a scroll of butterflies {unknown}
Potions
 c - 3 potions of invisibility
 d - a potion of curing
 e - a potion of heal wounds
 f - a potion of haste
 g - 2 potions of magic
 h - a potion of berserk rage


   Skills:
 + Level 7.5 Short Blades
 - Level 2.1 Dodging
 O Level 27 Stealth
 - Level 7.4 Spellcasting
 + Level 15.1 Hexes


You had 15 spell levels left.
You knew the following spells:

 Your Spells              Type           Power      Damage    Failure   Level
a - Ensorcelled Hibernat  Hex/Ice        78%        N/A       1%          2
b - Confusing Touch       Hex            63%        N/A       1%          3
c - Dazzling Flash        Conj/Hex       78%        N/A       1%          3

Your spell library contained the following spells:

 Spells                   Type           Power      Damage    Failure   Level
 Cigotuvi's Dreadful Rot  Necr/Pois/Air  14%        N/A       13%         2
 Ignite Poison            Fire/Tmut/Pois 7%         N/A       26%         3
 Freezing Cloud           Conj/Ice/Air   3%         6-21      93%         5
 Tukima's Dance           Hex            Unusable   N/A       N/A         3

Dungeon Overview and Level Annotations

Branches:
Dungeon (1/1)

Altars:
Cheibriados
Dithmenos
Fedhas
Gozag
Hepliaklqana
Kikubaaqudgha
Nemelex Xobeh
Okawaru
Qazlal
Ru
Sif Muna
Trog
Uskayaw
Vehumet
Wu Jian
Yredelemnul

Shops:
D ?


Innate Abilities, Weirdness & Mutations

You do not regenerate when monsters are visible.
You are frail without blood (-20% HP).
You can heal yourself when you bite living creatures.
You are immune to poison.
You have razor-sharp teeth.
You have supernaturally acute eyesight. (SInv)
You are afflicted with vampirism and can become a bat while bloodless.


Message History

You open the door.
An unseen horror comes into view.
There is an open door here.
An unseen horror comes into view.
The unseen horror moves out of view.
The helpless unseen horror fails to defend itself.
You stick the unseen horror like a pincushion!!!!!
You kill the unseen horror!
Okawaru accepts your kill.
The helpless unseen horror fails to defend itself.
You spit the unseen horror like a pig!!!!!
You kill the unseen horror!
Okawaru accepts your kill.
Okawaru will now gift you equipment as you gain piety.
Your Short Blades skill increases to level 7!
Your Hexes skill increases to level 15!
You have reached level 10!
You feel clever.
You open the gate. 7 jellies come into view.
The jelly quivers.
A floating eye comes into view.
The jelly closely misses you.
The jelly quivers. x2
There is an open gate here.
The jelly attacks as you move away! The jelly hits you but does no damage.
The jelly hits you.
You are splashed with acid!
The jelly attacks as you move away!
The jelly barely misses you. 2 necrophages come into view.
Found a fluorescent wand and 204 gold pieces.
The jelly hits you. The acid corrodes you!
You are splashed with acid!
The jelly attacks as you move away! The jelly hits you. The acid corrodes you!
You are splashed with acid!
The jelly attacks as you move away! The jelly hits you.
You are splashed with acid!
* * * LOW HITPOINT WARNING * * *
The jelly attacks as you move away! The jelly closely misses you.
The jelly attacks as you move away! The jelly hits you.
* * * LOW HITPOINT WARNING * * *
You are splashed with acid!
You die...

___##'#_.+~§§§.§§†#
∩...'..._#~§§.)#§§#
.__##_.#'##'#####'###
___###'#.#)§..# #.'.#
######.####'### ###.#
+...'.....+ #§#
#.†.###########.#
##.###....JJ.##§# #+#
#....JJ@§§§#
#'''######§#
#.......G#.#
#JJJ....#+.#
n.......~####
n.......~~#
......~~~##
##..~~~~### +######+


You could see 4 jellies.

Vanquished Creatures
  2 centaur warriors (D)
  Sonja (D)
  A deep troll (D)
  An oklob plant (D)
  2 unseen horrors (D)
  A hornet (D)
  Sigmund (D)
  A yak (D)
  2 redbacks (D)
  An ogre (D)
  A jelly (D)
  Ijyb (D)
15 creatures vanquished.

Notes
Turn   | Place    | Note
-------+----------+-------------------------------------------
     0 | D        | Hubris850 the Vampire Enchanter began the quest for the
                  | Orb.
     0 | D        | Reached XP level 1. HP: 13/13 MP: 3/3
     5 | D        | Noticed Ijyb
     9 | D        | Killed Ijyb
    10 | D        | Reached skill level 10 in Stealth
    10 | D        | Reached XP level 2. HP: 17/19 MP: 5/5
    15 | D        | Learned a level 2 spell: Ensorcelled Hibernation
    17 | D        | Noticed an ogre
    19 | D        | Killed an ogre
    20 | D        | Gained mutation: You are afflicted with vampirism and can
                  | become a bat while bloodless. [Vampire growth]
    20 | D        | Reached XP level 3. HP: 24/24 MP: 6/9
    20 | D        | Reached XP level 4. HP: 30/30 MP: 6/10
    61 | D        | Noticed Sigmund
    63 | D        | Killed Sigmund
    64 | D        | Reached XP level 5. HP: 28/28 MP: 10/14
    64 | D        | Reached XP level 6. HP: 32/32 MP: 11/16
    68 | D        | Learned a level 3 spell: Confusing Touch
    72 | D        | Learned a level 3 spell: Dazzling Flash
    83 | D        | Found a shimmering blue altar of Sif Muna.
    84 | D        | Found an ornate altar of the Wu Jian Council.
    85 | D        | Found a radiant altar of Vehumet.
    90 | D        | Reached skill level 11 in Stealth
   117 | D        | Found Roomunaq's Magic Scroll Emporium.
   117 | D        | Found an ancient bone altar of Kikubaaqudgha.
   117 | D        | Found a hazy altar of Hepliaklqana.
   117 | D        | Found a stormy altar of Qazlal.
   117 | D        | Found a hide-covered altar of Uskayaw.
   117 | D        | Found a blossoming altar of Fedhas.
   117 | D        | Found a bloodstained altar of Trog.
   117 | D        | Found an iron altar of Okawaru.
   117 | D        | Found a basalt altar of Yredelemnul.
   117 | D        | Found a snail-covered altar of Cheibriados.
   117 | D        | Found a sacrificial altar of Ru.
   117 | D        | Found a shadowy altar of Dithmenos.
   117 | D        | Noticed a yak
   118 | D        | Found an opulent altar of Gozag.
   119 | D        | Killed a yak
   120 | D        | Reached skill level 14 in Stealth
   120 | D        | Found a sparkling altar of Nemelex Xobeh.
   125 | D        | Became a worshipper of Warmaster Okawaru
   133 | D        | Noticed Sonja
   137 | D        | Killed Sonja
   137 | D        | Reached * piety under Okawaru
   138 | D        | Reached skill level 20 in Stealth
   138 | D        | Reached XP level 7. HP: 36/36 MP: 17/17
   150 | D        | Noticed a deep troll
   154 | D        | Killed a deep troll
   154 | D        | Reached ** piety under Okawaru
   155 | D        | Reached skill level 23 in Stealth
   155 | D        | Reached XP level 8. HP: 41/41 MP: 19/19
   177 | D        | Noticed a centaur warrior
   178 | D        | Noticed a centaur warrior
   180 | D        | Killed a centaur warrior
   180 | D        | Reached *** piety under Okawaru
   181 | D        | Reached skill level 25 in Stealth
   181 | D        | Reached XP level 9. HP: 45/45 MP: 20/20
   181 | D        | Killed a centaur warrior
   182 | D        | Reached skill level 27 in Stealth
   185 | D        | Identified the +1 robe of Shielding {Int+2}
   204 | D        | Reached **** piety under Okawaru
   221 | D        | Noticed an oklob plant
   223 | D        | Killed an oklob plant
   224 | D        | Reached skill level 5 in Short Blades
   250 | D        | Noticed an unseen horror
   251 | D        | Noticed an unseen horror
   257 | D        | Killed an unseen horror
   259 | D        | Killed an unseen horror
   259 | D        | Reached ***** piety under Okawaru
   260 | D        | Reached skill level 15 in Hexes
   260 | D        | Reached XP level 10. HP: 50/50 MP: 21/21
   267 | D        | Splashed by a jelly's acid

Illustrated notes

Levels and vault maps discovered:
D:        dungeon_sprint_1 [red_sonja_temple_1, red_sonja_temple_small_1]

Skill      XL: |  1  2  3  4  5  6  7  8  9 |
---------------+----------------------------+-----
Stealth        | 10 20 23 25 27 | 27.0
Spellcasting   | 4 7 |  7.4
Hexes          | 8 11 15 | 15.1
Short Blades   | 7 |  7.5
Dodging        | |  2.1

Action                     |  1- 3 |  4- 6 |  7- 9 | 10-12 || total
---------------------------+-------+-------+-------+-------++-------
  Melee: Dagger            |     4 |     4 |     9 |       ||    17
Ability: Exsanguinate      |       |     1 |       |       ||     1
   Stab: Sleeping          |     2 |     4 |     9 |       ||    15
 Armour: Robe              |       |       |       |     1 ||     1
  Dodge: Dodged            |       |       |       |     3 ||     3

Table legend: (Time is in decaauts)
 A = Elapsed time spent in this place.
 B = Non-inter-level travel time spent in this place.
 C = Inter-level travel time spent in this place.
 D = Time resting spent in this place.
 E = Time spent auto-exploring this place.
 F = Levels seen in this place.
 G = Mean time per level.
                   A        B        C        D        E       F      G
               +--------+--------+--------+--------+--------+-----+--------+
         Total |    265 |    265 |      0 |     24 |      0 |   1 |  265.0 |
       Dungeon |    265 |    265 |      0 |     24 |      0 |   1 |  265.0 |
               +--------+--------+--------+--------+--------+-----+--------+

Top non-repeatable levels by time:
       D: 265 daAuts
